 Dungeon Sprint DCSS version 0.28-a0-119-ga52ba8600a (webtiles) character file.

Game seed: 10375503753435354358

107 lagrange the Sneak (level 4, 0/31 HPs)
             Began as a Spriggan Venom Mage on Aug 13, 2021.
             Slain by a water elemental (10 damage)
             ... in the Dungeon (Sprint III: "The Ten Rune Challenge").
             The game lasted 00:03:10 (327 turns).

lagrange the Sneak (Spriggan Venom Mage)             Turns: 327, Time: 00:03:11

Health: 0/31       AC:  2    Str:  5    XL:     4   Next: 57%
Magic:  9/12       EV: 19    Int: 16    God:
Gold:   26         SH:  0    Dex: 15    Spells: 3/13 levels left

rFire   . . .      SeeInvis +   j - +0 club
rCold   . . .      Faith    .   (shield restricted)
rNeg    . . .      Spirit   .   a - +0 robe
rPois   .          Reflect  .   (helmet restricted)
rElec   .          Harm     .   (no cloak)
rCorr   .          Rampage  .   (gloves unavailable)
Will    .....      NoTele   +   (boots unavailable)
Stlth   ..........              (no amulet)
HPRegen 0.10/turn               (no ring)
MPRegen 0.13/turn               (no ring)

@: berserking, engulfed (cannot breathe), very quick
A: very small, no large weapons, unfitting armour, see invisible, speed 3
a: no special abilities


You were in the Dungeon.
You visited 1 branch You collected 26 gold pieces.

Inventory:

Hand Weapons
 j - a +0 club (weapon)
Armour
 a - a +0 robe (worn)
 h - a +0 buckler
Scrolls
 g - a scroll of blinking
 k - a scroll of enchant armour {unknown}
 l - a scroll of torment {unknown}
 m - a scroll of amnesia {unknown}
 o - a scroll of holy word
Potions
 b - a potion of curing
 c - a potion of heal wounds
 d - a potion of haste
 e - 2 potions of magic
 i - a potion of attraction
 n - 4 potions of flight
 q - 5 potions of mutation


   Skills:
 + Level 5.2 Dodging
 + Level 5.6 Stealth
 + Level 2.6 Shields
 + Level 5.2 Spellcasting
 + Level 0.0 Conjurations
 - Level 4.0 Transmutations
 + Level 0.0 Air Magic
 + Level 5.6 Poison Magic


You had 3 spell levels left.
You knew the following spells:

 Your Spells              Type           Power      Damage    Failure   Level
a - Sting                 Tmut/Pois      76%        1d6       1%          1
b - Poisonous Vapours     Pois/Air       26%        N/A       7%          2
c - Mephitic Cloud        Conj/Pois/Air  10%        N/A       21%         3
d - Olgreb's Toxic Radia  Pois           22%        N/A       14%         4

Your spell library contained the following spells:

 Spells                   Type           Power      Damage    Failure   Level


Dungeon Overview and Level Annotations

Branches:
Dungeon (1/1)

Altars:


Innate Abilities, Weirdness & Mutations

You are very small and have problems with some larger weapons.
You are too small for most types of armour.
You have supernaturally acute eyesight. (SInv)
You cover ground extremely quickly. (Speed+++)


Message History

The water elemental is lightly damaged.
Casting: Sting (safe; 1% risk of failure)
Confirm with . or Enter, or press ? or * to list all spells.
Aiming: Sting (safe; 1% risk of failure)
Press: ? - help, Shift-Dir - straight line, f/p - water elemental
Aim: a water elemental (lightly damaged, 84% to hit)
The sting hits the water elemental.
The water elemental is lightly damaged.
Casting: Sting (safe; 1% risk of failure)
Confirm with . or Enter, or press ? or * to list all spells.
Aiming: Sting (safe; 1% risk of failure)
Press: ? - help, Shift-Dir - straight line, f/p - water elemental
Aim: a water elemental (lightly damaged, 84% to hit)
The sting hits the water elemental but does no damage.
The water elemental is lightly damaged.
Casting: Sting (safe; 1% risk of failure)
Confirm with . or Enter, or press ? or * to list all spells.
Aiming: Sting (safe; 1% risk of failure)
Press: ? - help, Shift-Dir - straight line, f/p - water elemental
Aim: a water elemental (lightly damaged, 84% to hit)
The sting hits the water elemental.
The water elemental partially resists.
The water elemental is lightly damaged.
You hit the water elemental but do no damage.
The water elemental is lightly damaged.
The water elemental misses you.
A red film seems to cover your vision as you go berserk!
You feel yourself moving faster!
You feel mighty!
You barely miss the water elemental.
The water elemental is lightly damaged.
The water elemental hits you!
The water elemental engulfs you in water!
You hit the water elemental.
The water elemental is lightly damaged.
Your lungs strain for air!
The water elemental misses you.
You hit the water elemental.
The water elemental is lightly damaged.
Your lungs strain for air!
The water elemental hits you!
You die...

▓.†...#....≈♣♣♣♣..###
▓.....#...≈≈.♣..♣.#..
▓.....#..≈≈≈≈.♣...'.⌠
▓####[#..≈≈≈≈≈≈♣..#..
▓..†..#.≈≈≈≈≈≈....#.⌠
▓.†...#.≈≈≈≈≈.....#..
▓.....#.≈≈≈.......#+#
▓'#####...........#
▓...@E............#
▓▓▓▓▓▓▓▓▓▓▓▓▓▓▓▓▓▓▓


You could see a water elemental.

Vanquished Creatures
  A scorpion (D)
  Jessica (D)
  A human (D)
  3 rats (D)
6 creatures vanquished.

Notes
Turn   | Place    | Note
-------+----------+-------------------------------------------
     0 | D        | lagrange the Spriggan Venom Mage began the quest for the
                  | Orb.
     0 | D        | Reached XP level 1. HP: 9/9 MP: 5/5
    13 | D        | Noticed Jessica
    18 | D        | Killed Jessica
    19 | D        | Reached skill level 1 in Shields
    19 | D        | Reached XP level 2. HP: 13/13 MP: 1/8
   105 | D        | Learned a level 2 spell: Poisonous Vapours
   119 | D        | Noticed a scorpion
   132 | D        | Killed a scorpion
   133 | D        | Reached skill level 5 in Stealth
   133 | D        | Reached skill level 5 in Spellcasting
   133 | D        | Reached skill level 5 in Poison Magic
   133 | D        | Reached XP level 3. HP: 16/16 MP: 4/10
   133 | D        | Reached XP level 4. HP: 21/21 MP: 4/12
   193 | D        | Learned a level 3 spell: Mephitic Cloud
   198 | D        | Learned a level 4 spell: Olgreb's Toxic Radiance
   227 | D        | Reached skill level 5 in Dodging
   303 | D        | Noticed a water elemental
   327 | D        | Slain by a water elemental

Illustrated notes

Levels and vault maps discovered:
D:        dungeon_sprint_mu [sprint_mu_entry_forest, sprint_mu_temple_rooms,
          sprint_mu_d1_horrors, sprint_mu_d2_genie, sprint_mu_d3_branching,
          sprint_mu_orc_legion, sprint_mu_elf_gauntlet, sprint_mu_hive_nellie,
          sprint_mu_lair_fedhas, sprint_mu_vaults_butterflies,
          sprint_mu_slime_circle, sprint_mu_swamp_cave, sprint_mu_snake_twists,
          sprint_mu_blade_basic, sprint_mu_crypt_chambers,
          sprint_mu_tomb_spiral, sprint_mu_vestibule_basic,
          sprint_mu_gehenna_hellfire, sprint_mu_dis_giant,
          sprint_mu_tartarus_statrot, sprint_mu_cocytus_islands, sprint_mu_zot1]

Skill      XL: |  1  2  3  4 |
---------------+-------------+-----
Spellcasting   | 4 5 |  5.2
Dodging        | 3 4 5 |  5.2
Shields        | 1 2 |  2.6
Poison Magic   | 4 5 |  5.6
Stealth        | 5 |  5.6
Transmutations | 3 4 |  4.0

Action                   |  1- 3 |  4- 6 || total
-------------------------+-------+-------++-------
Melee: Unarmed           |     2 |       ||     2
       Club              |       |     4 ||     4
 Cast: Sting             |     5 |     8 ||    13
       Poisonous Vapours |     2 |     3 ||     5
  Use: Scroll            |       |     2 ||     2
       Potion            |       |     1 ||     1
Dodge: Dodged            |     2 |     2 ||     4

Table legend: (Time is in decaauts)
 A = Elapsed time spent in this place.
 B = Non-inter-level travel time spent in this place.
 C = Inter-level travel time spent in this place.
 D = Time resting spent in this place.
 E = Time spent auto-exploring this place.
 F = Levels seen in this place.
 G = Mean time per level.
                   A        B        C        D        E       F      G
               +--------+--------+--------+--------+--------+-----+--------+
         Total |    270 |    270 |      0 |    124 |      0 |   1 |  270.0 |
       Dungeon |    270 |    270 |      0 |    124 |      0 |   1 |  270.0 |
               +--------+--------+--------+--------+--------+-----+--------+

Top non-repeatable levels by time:
       D: 270 daAuts
